 Dungeon Crawl Stone Soup version 0.23.1 (webtiles) character file.

Game seed: 5504885122270762357

31068 Borgoz the Covert (level 13, 0/114 HPs)
             Began as a Ghoul Enchanter on Mar 3, 2019.
             Was an Elder of Ashenzari.
             Slain by a nine-headed hydra (2 damage)
             ... on level 9 of the Dungeon.
             The game lasted 00:52:33 (15644 turns).

Borgoz the Covert (Ghoul Enchanter)                Turns: 15644, Time: 00:52:35

Health: 0/114      AC:  7    Str: 13    XL:     13   Next: 55%
Magic:  0/19       EV: 19    Int: 11    God:    Ashenzari [****..]
Gold:   1295       SH:  0    Dex: 20    Spells: 13/22 levels left

rFire    . . .     SeeInvis +   f - +4 short sword (elec)
rCold    + . .     Gourm    .   (no shield)
rNeg     + + +     Faith    .   k - +2 leather armour of the Sparrow {MR+ Regen+ Dex+4}
rPois    ∞         Spirit   +   j - +0 hat {SInv}
rElec    .         Reflect  .   e - +0 cloak
rCorr    .         Harm     .   (no gloves)
MR       +....     Clarity  +   (no boots)
Stlth    +++++.....             h - amulet of guardian spirit (curse)
HPRegen  0.00/turn              l - ring of wizardry (curse)
MPRegen  0.16/turn              A - +4 ring of dexterity

@: about to teleport, rotting
A: rotting body, claws 1, carnivore, cold resistance 1, negative energy
resistance 3, inhibited regeneration, torment resistance, unbreathing
a: Curse Item, Scrying, Renounce Religion


You were on level 9 of the Dungeon.
You worshipped Ashenzari.
Ashenzari was greatly pleased with you.
You were not hungry.

You visited 3 branches of the dungeon, and saw 18 of its levels.
You also visited: Bailey.

You collected 1295 gold pieces.

Inventory:

Hand Weapons
 f - a +4 short sword of electrocution (weapon)
 t - a +1 falchion of holy wrath
 y - the +9 hunting sling "Fopas" {velocity, Int+4}
   (You found it in a bailey)

   Any stone fired from it inflicts extra damage.
   It affects your intelligence (+4).
 F - a +0 short sword of holy wrath
 H - a +1 whip of distortion
Missiles
 i - 46 tomahawks of returning (quivered)
 n - 19 tomahawks
 q - 4 javelins
 x - 12 poisoned needles
Armour
 e - a +0 cloak (worn)
 j - a +0 hat of see invisible (worn)
 k - the +2 leather armour of the Sparrow (worn) {MR+ Regen+ Dex+4}
   (You found it on level 1 of the Dungeon)

   It affects your dexterity (+4).
   It affects your resistance to hostile enchantments.
   It increases your rate of regeneration.
 v - a +2 troll leather armour {Snorg}
Jewellery
 h - a cursed amulet of guardian spirit (around neck)
 l - a cursed ring of wizardry (left claw)
 o - an uncursed amulet of regeneration
 u - the ring of Obsession {rC+ Int+6}
   (You found it on level 11 of the Dungeon)

   [ring of protection from cold]

   It affects your intelligence (+6).
   It protects you from cold.
 w - a +2 ring of intelligence
 A - a +4 ring of dexterity (right claw)
 J - an uncursed ring of see invisible
Wands
 D - a wand of polymorph (7)
Scrolls
 a - 2 scrolls of amnesia
 c - 2 scrolls of fog
 g - 4 scrolls of enchant armour
 m - 8 scrolls of remove curse
 p - a scroll of teleportation
 C - a scroll of identify
Potions
 s - a potion of brilliance
 z - 3 potions of cancellation
 B - 4 potions of magic
Miscellaneous
 r - a sack of spiders
Comestibles
 d - 28 rations


   Skills:
 * Level 10.5 Fighting
 * Level 10.4 Short Blades
 - Level 2.6 Throwing
 + Level 7.6 Armour
 + Level 9.0 Dodging
 + Level 10.5 Stealth
 - Level 5.2 Spellcasting
 - Level 5.2(7.4) Hexes


You had 13 spell levels left.
You knew the following spells:

 Your Spells              Type           Power        Failure   Level  Hunger
a - Corona                Hex            ###....      1%          1    None
b - Ensorcelled Hibernat  Hex/Ice        ##....       3%          2    ##.....
c - Confuse               Hex            ###.....     1%          3    ###....
d - Regeneration          Chrm/Necr      #.........   26%         3    ###....

Your spell library contained the following spells:

 Spells                   Type           Power        Failure   Level  Hunger
 Tukima's Dance           Hex            ###.....     1%          3    ###....
 Dazzling Spray           Conj/Hex       ##....       6%          3    ###....
 Spectral Weapon          Hex/Chrm       ##......     6%          3    ###....
 Infusion                 Chrm           #...         9%          1    None
 Magic Dart               Conj           #...         9%          1    None
 Sandblast                Erth           #.....       9%          1    None
 Searing Ray              Conj           #.....       14%         2    ##.....
 Shroud of Golubria       Chrm/Tloc      #.........   14%         2    ##.....
 Song of Slaying          Chrm           #.......     14%         2    ##.....
 Fulminant Prism          Conj/Hex       ##........   21%         4    ####...
 Force Lance              Conj/Tloc      #.......     63%         4    ####...
 Iskenderun's Mystic Bla  Conj           #.......     63%         4    ####...
 Petrify                  Tmut/Erth      #.......     63%         4    ####...
 Iron Shot                Conj/Erth      #.........   100%        6    #######
 Shatter                  Erth           #.........   100%        9    #######


Dungeon Overview and Level Annotations

Branches:
Dungeon (15/15)            Temple (1/1) D:5            Lair (0/6) D:9
    Orc (2/2) D:10
    Elf: Orc:2       Vaults: D:13-14     Depths: D:15

Altars:
Ashenzari
Cheibriados
Dithmenos
Elyvilon
Fedhas
Gozag
Hepliaklqana
Kikubaaqudgha
Makhleb
Nemelex Xobeh
Okawaru
Qazlal
Ru
Sif Muna
Trog
Uskayaw
Vehumet
Wu Jian
Xom
Yredelemnul
Zin
The Shining One

Shops:
D:5 (

Portals:
Trove: D:12 (give 17 scrolls of teleportation)


Innate Abilities, Weirdness & Mutations

Your body is rotting away.
You thrive on raw meat.
You are immune to poison.
You have sharp fingernails.
You are carnivorous and can eat meat at any time.
Your flesh is cold resistant. (rC+)
You are immune to negative energy. (rN+++)
You do not regenerate when monsters are visible.
You are immune to unholy pain and torment.
You can survive without breathing.


Message History

Confirm with . or Enter, or press ? or * to list all spells.
Okay, then.
Okay, then.
As you read the scroll of fear, it crumbles to dust.
You assume a fearsome visage.
The nine-headed hydra resists with some effort.
The nine-headed hydra misses you. x2; The nine-headed hydra bites you.
* * * LOW HITPOINT WARNING * * *
The nine-headed hydra misses you.
The nine-headed hydra completely misses you.
The nine-headed hydra misses you. x3
The nine-headed hydra closely misses you.
As you read the scroll of teleportation, it crumbles to dust.
You feel strangely unstable.
The crimson imp shouts!
The nine-headed hydra barely misses you.
The nine-headed hydra bites you!
* * * LOW HITPOINT WARNING * * *
The nine-headed hydra bites you.
You die...

#.# #.# #.# ##.### #....###
#......## #### #
##.##....### ###..### #
#.######.D.####......### #
####.#### ###@............##
# #...?...#
###............### ###'''###
###....5...........
##.....##
#.................. ♣....=≈#
##...........>.#### ♣..)..♣#
##...........## #≈.....♣
##.........## ####)...♣#####
###..#.....# ##
#..##♣≈♣###..###....#####.##
##.


You could see a nine-headed hydra and a crimson imp.

Vanquished Creatures
  Gastronok (D:9)
  Snorg (D:11)
  The ghost of DungeonDestroyer the Cleaver, a journeyman MiFi of Okawaru (D:9)
  2 hydras
  4 two-headed ogres
  A centaur warrior (D:14)
  5 death yaks (D:9)
  Pikel (D:6)
  2 orc knights (Bailey)
  3 cyclopes
  10 ugly things
  2 manticores
  Maurice (D:9)
  3 kobold demonologists
  4 trolls
  Prince Ribbit (D:5)
  Grinder (D:6)
  A hornet (D:10)
  8 slime creatures
  17 yaks
  A vampire (D:13)
  2 basilisks (D:14)
  A hungry ghost (D:5)
  Grum (D:10)
  Edmund (D:5)
  An acid dragon (D:12)
  2 phantoms
  2 black bears
  9 orc warriors
  5 sky beasts
  2 ice beasts
  A slave (D:6)
  5 ogres
  2 wolves (D:10)
  2 centaurs
  3 big kobolds
  6 bullfrogs
  A wyvern zombie (D:6)
  2 water moccasin zombies (D:7)
  4 scorpions
  4 killer bees
  2 jellies
  9 wights
  An electric eel (D:6)
  6 howler monkeys
  7 crimson imps
  A centaur skeleton (D:7)
  6 hounds
  7 orc priests
  3 bullfrog skeletons
  17 orc wizards
  4 iguanas
  10 worker ants
  A hound skeleton (D:4)
  10 adders
  7 gnolls
  A howler monkey skeleton (D:7)
  3 shadow imps
  2 adder skeletons
  A worm (D:5)
  A dart slug (D:1)
  6 leopard geckos
  46 orcs
  6 bats
  5 giant cockroaches
  9 goblins
  2 hobgoblins
  4 jackals (D:1)
  A quokka (D:2)
  2 frilled lizards
  A jackal skeleton (D:4)
  29 kobolds
  3 leopard gecko skeletons
  A quokka skeleton (D:5)
  6 rats
346 creatures vanquished.

Vanquished Creatures (others)
  3 plants
3 creatures vanquished.

Grand Total: 349 creatures vanquished

Notes
Turn   | Place    | Note
-------+----------+-------------------------------------------
     0 | D:1      | Borgoz the Ghoul Enchanter began the quest for the Orb.
     0 | D:1      | Reached XP level 1. HP: 14/14 MP: 2/2
   136 | D:1      | Reached skill level 1 in Short Blades
   163 | D:1      | Reached XP level 2. HP: 8/22 MP: 3/3
   726 | D:1      | Got a jewelled leather armour
   739 | D:1      | Identified the +2 leather armour of the Sparrow {MR+ Regen+
                  | Dex+4} (You found it on level 1 of the Dungeon)
   940 | D:2      | Found an opulent altar of Gozag.
  1380 | D:2      | Reached XP level 3. HP: 27/27 MP: 4/4
  1552 | D:3      | Reached skill level 1 in Fighting
  1756 | D:3      | Noticed a sky beast
  2101 | D:3      | Reached XP level 4. HP: 31/35 MP: 5/5
  2268 | D:4      | Reached skill level 1 in Armour
  2315 | D:4      | Reached XP level 5. HP: 39/40 MP: 6/6
  2473 | D:4      | Noticed a phantom
  2499 | D:5      | Entered Level 5 of the Dungeon
  2553 | D:5      | Found a staircase to the Ecumenical Temple.
  2568 | Temple   | Entered the Ecumenical Temple
  2702 | Temple   | Became a worshipper of Ashenzari the Shackled
  2785 | D:5      | Noticed Prince Ribbit
  2818 | D:5      | Noticed a hungry ghost
  2848 | D:5      | Killed a hungry ghost
  2848 | D:5      | Reached XP level 6. HP: 16/50 MP: 2/7
  2959 | D:4      | Reached XP level 7. HP: 10/56 MP: 1/8
  4272 | D:5      | HP: 1/56 [Prince Ribbit (14)]
  4277 | D:5      | Killed Prince Ribbit
  4277 | D:5      | Reached skill level 1 in Throwing
  4277 | D:5      | Reached skill level 5 in Stealth
  4277 | D:5      | Reached XP level 8. HP: 10/63 MP: 1/9
  4398 | D:5      | Noticed Grinder
  4403 | D:5      | Paralysed by Grinder for 4 turns
  4494 | D:5      | Found Luguz's Weapon Shoppe.
  4686 | D:6      | Noticed Pikel
  4712 | D:5      | Reached * piety under Ashenzari
  4845 | D:5      | Noticed Edmund
  4862 | D:5      | Killed Edmund
  4926 | D:5      | Reached skill level 5 in Dodging
  4929 | D:5      | HP: 3/65 [ice beast (2)]
  5092 | D:6      | Found a shattered altar of Ashenzari.
  5284 | D:6      | Learned a level 2 spell: Ensorcelled Hibernation
  5288 | D:6      | Learned a level 3 spell: Confuse
  5470 | D:6      | Killed Pikel
  5470 | D:6      | Reached skill level 5 in Short Blades
  5470 | D:6      | Reached XP level 9. HP: 72/72 MP: 10/10
  5879 | D:5      | Paralysed by Grinder for 5 turns
  5911 | D:6      | Killed Grinder
  6143 | D:7      | Found a shimmering altar of Xom.
  6143 | D:7      | Found a shimmering altar of Xom.
  6144 | D:7      | Found a shimmering altar of Xom.
  6144 | D:7      | Found a shimmering altar of Xom.
  6482 | D:7      | Reached ** piety under Ashenzari
  6557 | D:7      | Found a burning altar of Makhleb.
  6665 | D:7      | Reached skill level 5 in Fighting
  6680 | D:7      | Learned a level 3 spell: Regeneration
  6917 | D:7      | Found a basalt altar of Yredelemnul.
  6918 | D:7      | Found a hazy altar of Hepliaklqana.
  7080 | D:8      | Found an ancient bone altar of Kikubaaqudgha.
  7114 | D:8      | Found a stormy altar of Qazlal.
  7211 | D:8      | Noticed a two-headed ogre
  7227 | D:8      | Killed a two-headed ogre
  7227 | D:8      | Reached XP level 10. HP: 10/81 MP: 2/13
  7340 | D:9      | Noticed Maurice
  7356 | D:9      | Killed Maurice
  7787 | D:8      | Found a deep blue altar of Sif Muna.
  7869 | D:9      | Noticed a two-headed ogre
  7994 | D:9      | Noticed a death yak
  8011 | D:10     | Entered Level 10 of the Dungeon
  8030 | D:10     | Noticed Grum
  8068 | D:9      | Found a runed translucent gate.
  8068 | D:9      | Noticed a nine-headed hydra
  8069 | D:9      | Found a runed translucent gate.
  8070 | D:9      | Noticed DungeonDestroyer's ghost (journeyman MiFi)
  8071 | D:9      | Found a runed translucent gate.
  8167 | D:9      | Noticed a death yak
  8169 | D:9      | Noticed a death yak
  8171 | D:9      | Noticed a death yak
  8171 | D:9      | Noticed a death yak
  8174 | D:9      | Killed a death yak
  8469 | D:10     | Found a staircase to the Orcish Mines.
  8561 | D:10     | Reached skill level 5 in Armour
  8616 | D:10     | Reached XP level 11. HP: 29/89 MP: 3/15
  8648 | D:10     | Killed Grum
  9409 | D:11     | Noticed a green ugly thing
  9414 | D:11     | Killed a green ugly thing
  9460 | D:11     | Noticed a two-headed ogre
  9462 | D:11     | Noticed a six-headed hydra
  9495 | D:10     | Killed a two-headed ogre
  9632 | D:10     | Killed a six-headed hydra
  9714 | D:11     | Noticed a white ugly thing
  9731 | D:11     | Killed a white ugly thing
  9836 | D:11     | Identified the ring of Obsession {rC+ Int+6}
  9939 | D:11     | Noticed a cyclops
 10057 | Orc:1    | Entered Level 1 of the Orcish Mines
 10099 | Orc:1    | Noticed a two-headed ogre
 10106 | Orc:1    | Killed a two-headed ogre
 10167 | Orc:2    | Entered Level 2 of the Orcish Mines
 10168 | Orc:2    | Noticed an orc warlord
 10290 | D:11     | Killed a cyclops
 10415 | D:11     | Reached skill level 5 in Hexes
 10422 | D:11     | Noticed a manticore
 10450 | D:11     | Reached XP level 12. HP: 41/100 MP: 8/18
 10662 | D:11     | HP: 1/100 [manticore (5)]
 10941 | D:12     | Reached *** piety under Ashenzari
 11075 | D:11     | Reached skill level 5 in Spellcasting
 11230 | D:11     | Noticed Snorg
 11265 | D:11     | Killed Snorg
 11995 | D:9      | Killed a two-headed ogre
 12135 | D:9      | Found a shadowy altar of Dithmenos.
 12216 | D:9      | Found a staircase to the Lair.
 12216 | D:9      | Noticed Gastronok
 12242 | D:9      | Killed Gastronok
 12453 | D:9      | Killed a death yak
 12462 | D:9      | Killed a death yak
 12472 | D:9      | Killed a death yak
 12633 | D:9      | Killed a death yak
 12821 | D:12     | Reached XP level 13. HP: 77/109 MP: 14/19
 12903 | D:13     | Found a flagged portal.
 12925 | D:13     | Reached skill level 10 in Stealth
 13028 | Bailey   | Entered a bailey
 13222 | Bailey   | Identified the Grimoire of Stones
 13276 | Bailey   | Got the hunting sling "Fopas" {velocity, Int+4}
 13359 | Bailey   | Reached skill level 10 in Short Blades
 13822 | D:14     | Reached **** piety under Ashenzari
 13907 | D:14     | Reached skill level 10 in Fighting
 14017 | D:15     | Entered Level 15 of the Dungeon
 14888 | D:12     | Found a portal to a secret trove of treasure.
 15630 | D:9      | Killed DungeonDestroyer's ghost
 15644 | D:9      | HP: 2/114 [nine-headed hydra (10)]
 15644 | D:9      | Slain by a nine-headed hydra

Skill      XL: |  1  2  3  4  5  6  7  8  9 10 11 12 13 |
---------------+----------------------------------------+-----
Short Blades   | 1 2 3 4 5 6 7 8 9 10 | 10.4
Dodging        | 2 3 4 5 6 7 8 9 |  9.0
Fighting       | 1 2 3 4 5 6 7 9 10 | 10.5
Armour         | 1 2 3 4 5 6 7 |  7.6
Stealth        | 4 5 6 7 8 9 10 | 10.5
Throwing       | 1 2 |  2.6
Spellcasting   | 2 3 4 5 |  5.2
Hexes          | 3 4 5 |  5.2

Action                   |  1- 3 |  4- 6 |  7- 9 | 10-12 | 13-15 || total
-------------------------+-------+-------+-------+-------+-------++-------
Melee: Short sword       |   119 |   105 |   353 |   722 |   363 ||  1662
Throw: Throwing net      |       |       |     1 |       |       ||     1
 Cast: Ensorcelled Hiber |       |       |       |     2 |     1 ||     3
       Confuse           |       |       |       |    12 |    11 ||    23
Invok: Curse Item        |       |       |     2 |       |       ||     2
Evoke: Wand              |       |       |     3 |    11 |    13 ||    27
  Use: Scroll            |     6 |       |    11 |     8 |     7 ||    32
       Potion            |     1 |     2 |     4 |     6 |     6 ||    19
 Stab: Sleeping          |     8 |     3 |     8 |    15 |     4 ||    38
       Distracted        |       |       |     1 |       |     3 ||     4
       Invisible         |       |       |     1 |     6 |       ||     7
       Fleeing           |       |       |       |     1 |       ||     1
       Confused          |       |       |       |     6 |     2 ||     8
  Eat: Chunk             |    11 |     5 |    18 |    46 |    42 ||   122
Armor: Robe              |     6 |       |       |       |       ||     6
       Leather armour    |    40 |    24 |    52 |   101 |    51 ||   268
Dodge: Dodged            |    69 |    49 |   202 |   454 |   319 ||  1093
